 Dungeon Sprint DCSS version 0.19-a0-787-gcef06a7 (webtiles) character file.

115 Mood the Shield-Bearer (level 5, 0/30 HPs)
             Began as a Vine Stalker Fighter on June 26, 2016.
             Was a Follower of Makhleb.
             Killed from afar by a gargoyle (16 damage)
             ... with a stone arrow
             ... in the Dungeon (Sprint IX: "|||||||||||||||||||||||||||||").
             The game lasted 00:00:55 (170 turns).

Mood the Shield-Bearer (Vine Stalker Fighter)        Turns: 170, Time: 00:00:55

Health: 0/30       AC: 12    Str: 19    XL:     5   Next: 0%
Magic:  0/7        EV:  8    Int: 11    God:    Makhleb [*.....]
Gold:   0          SH: 10    Dex: 14    Spells: 0 memorised, 4 levels left

rFire  . . .     SeeInvis .     p - +3 war axe (chop)
rCold  . . .     Gourm    .     s - +1 chain mail
rNeg   . . .     Faith    .     c - +0 shield
rPois  .         Spirit   +     (no helmet)
rElec  .         Dismiss  .     q - +0 cloak
rCorr  .         Reflect  .     r - +0 pair of gloves
SustAt .         Harm     .     (no boots)
MR     .....     NoTele   +     (no amulet)
Stlth  ..........               u - +2 ring of evasion
                                t - +3 ring of intelligence

@: not resistant to hostile enchantments, extremely unstealthy
A: fangs 2, regeneration 1, magic shield, antimagic bite, no device heal 3, rot
immunity
a: Renounce Religion


You were in the Dungeon.
You worshipped Makhleb.
Makhleb was aware of your devotion.
You were not hungry.

You visited 1 branch

Inventory:

Hand Weapons
 p - a +3 war axe of chopping (weapon)
Armour
 c - a +0 shield (worn)
 q - a +0 cloak (worn)
 r - a +0 pair of gloves (worn)
 s - a +1 chain mail (worn)
Jewellery
 t - a +3 ring of intelligence (left hand)
 u - a +2 ring of evasion (right hand)
Wands
 o - a wand of lightning (4/15)
Scrolls
 k - 2 scrolls of blinking
 m - 3 scrolls of remove curse
 n - 2 scrolls of amnesia
Potions
 d - a potion of might
 e - 5 potions of curing
 h - a potion of haste
 i - 4 potions of magic
 j - a potion of berserk rage
 l - a potion of invisibility
Comestibles
 f - a bread ration


   Skills:
 + Level 4.7 Fighting
 * Level 4.0 Axes
 + Level 4.3 Armour
 + Level 1.2 Dodging
 + Level 4.9 Shields
 * Level 1.6 Invocations
 * Level 1.3 Evocations


You had 4 spell levels left.
You didn't know any spells.

Dungeon Overview and Level Annotations

Branches:
Dungeon (1/1)

Altars:
Cheibriados
Dithmenos
Elyvilon
Fedhas
Gozag
Hepliaklqana
Kikubaaqudgha
Makhleb
Nemelex Xobeh
Okawaru
Pakellas
Qazlal
Ru
Sif Muna
Trog
Uskayaw
Vehumet
Xom
Yredelemnul
Zin
The Shining One
Beogh
Jiyva
Lugonu


Innate Abilities, Weirdness & Mutations

You have extremely sharp teeth.
Your natural rate of healing is unusually fast.
When hurt, damage is shared between your health and your magic reserves.
Your bite disrupts and absorbs the magic of your enemies.
Potions and wands cannot restore your health.
You are immune to rotting.


Message History

Evoke which item? (* to show all) (? for menu, Esc to quit)
Zapping:
o - a wand of lightning (5/15)
Press: ? - help, Shift-Dir - straight line, f/p - gargoyle
Aim: a gargoyle, wielding a morningstar (lightly damaged)
You hear a mighty clap of thunder!
The bolt of lightning misses the gargoyle.
The bolt of lightning misses the big kobold.
The bolt of lightning hits the adder.
You kill the adder!
Makhleb accepts your kill.
You can now gain health from killing.
Your Axes skill increases to level 4!
You have reached level 5!
The bolt of lightning hits something.
The bolt of lightning hits the big kobold.
The big kobold is almost dead.
This wand has 4 charges left.
The gargoyle hurls a stone arrow at you.
The stone arrow hits you!
Ouch! That really hurt!
You die... ▓▓▓▓▓▓▓▓▓▓▓▓▓▓▓▓▓▓▓▓▓▓▓▓ _______'..|)....@9K††K.. ▓▓▓▓▓▓▓▓▓▓▓▓▓▓▓▓▓▓▓▓▓▓▓▓

You could see a gargoyle and 2 big kobolds.

Vanquished Creatures
  A killer bee (D)
  A howler monkey (D)
  2 adders (D)
  An adder skeleton (D)
  A giant gecko (D)
  An orc (D)
  3 bats (D)
  2 hobgoblins (D)
12 creatures vanquished.

Notes
Turn   | Place    | Note
--------------------------------------------------------------
     0 | D        | Mood the Vine Stalker Fighter began the quest for the Orb.
     0 | D        | Reached XP level 1. HP: 11/11 MP: 2/2
    25 | D        | Noticed a howler monkey
    30 | D        | Reached XP level 2. HP: 16/16 MP: 3/3
    34 | D        | Killed a howler monkey
    34 | D        | Reached XP level 3. HP: 18/21 MP: 4/4
    45 | D        | Reached XP level 4. HP: 17/26 MP: 5/5
    90 | D        | Found a glowing silver altar of Zin.
    90 | D        | Found a glowing golden altar of the Shining One.
    90 | D        | Found an ancient bone altar of Kikubaaqudgha.
    90 | D        | Found a basalt altar of Yredelemnul.
    90 | D        | Found a shimmering altar of Xom.
    90 | D        | Found a radiant altar of Vehumet.
    91 | D        | Found an iron altar of Okawaru.
    92 | D        | Found a burning altar of Makhleb.
    93 | D        | Found a deep blue altar of Sif Muna.
    94 | D        | Found a bloodstained altar of Trog.
    95 | D        | Found a sparkling altar of Nemelex Xobeh.
    96 | D        | Found a white marble altar of Elyvilon.
    97 | D        | Found a roughly hewn altar of Beogh.
    98 | D        | Found a viscous altar of Jiyva.
    99 | D        | Found a corrupted altar of Lugonu.
   100 | D        | Became a worshipper of Makhleb the Destroyer
   101 | D        | Found a blossoming altar of Fedhas.
   102 | D        | Found a snail-covered altar of Cheibriados.
   103 | D        | Found a shadowy altar of Dithmenos.
   104 | D        | Found a stormy altar of Qazlal.
   105 | D        | Found an opulent altar of Gozag.
   106 | D        | Found a sacrificial altar of Ru.
   107 | D        | Found an oddly glowing altar of Pakellas.
   108 | D        | Found a hide-covered altar of Uskayaw.
   109 | D        | Found a hazy altar of Hepliaklqana.
   165 | D        | Noticed a gargoyle
   165 | D        | Noticed a big kobold
   165 | D        | Noticed a big kobold
   169 | D        | Reached skill level 1 in Dodging
   169 | D        | Reached skill level 1 in Invocations
   169 | D        | Reached skill level 1 in Evocations
   170 | D        | Reached * piety under Makhleb
   170 | D        | Reached XP level 5. HP: 15/30 MP: 2/7
   170 | D        | Killed from afar by a gargoyle

Vault maps used:
D:        linesprint

Skill      XL: |  1  2  3  4 |
---------------+-------------+-----
Fighting       | 3 4 |  4.7
Axes           | 2 3 4 |  4.0
Shields        | 3 4 |  4.9
Armour         | 3 4 |  4.3
Dodging        | 1 |  1.2
Invocations    | 1 |  1.6
Evocations     | 1 |  1.3

Action                   |  1- 3 |  4- 6 || total
-------------------------+-------+-------++-------
Melee: War axe           |    34 |     2 ||    36
       Bite              |     8 |     1 ||     9
Evoke: Wand              |       |     3 ||     3
Armor: Scale mail        |    16 |       ||    16
Dodge: Dodged            |    15 |     1 ||    16
Block: Shield            |    25 |     2 ||    27
